 Dungeon Crawl Stone Soup version 0.26-a0-1222-g14533b3512 (webtiles) character file.

Game seed: 12411871690265114055

107200 vurker the Arsonist (level 15, -3/128 HPs)
             Began as a Demigod Fire Elementalist on Dec 31, 2020.
             Slain by a tyrant leech (26 damage)
             ... called by a spriggan druid
             ... on level 1 of the Swamp.
             The game lasted 01:01:59 (42590 turns).

vurker the Arsonist (Demigod Fire Elementalist)    Turns: 42590, Time: 01:02:00

Health: -3/128     AC:  9    Str: 11    XL:     15   Next: 51%
Magic:  24/46      EV: 16    Int: 31    God:
Gold:   143        SH:  0    Dex: 16    Spells: 22/40 levels left

rFire    + . .     SeeInvis +   a - staff of fire
rCold    + + .     Faith    .   (no shield)
rNeg     . . .     Spirit   .   V - +2 robe {Will+}
rPois    .         Reflect  .   Q - +3 crown of Dyrovepreva {rElec Int+2 SInv}
rElec    +         Harm     .   G - +0 cloak
rCorr    .         Rampage  .   z - +2 pair of gloves
Will     ++...                  F - +1 pair of boots
Stlth    ++........             x - amulet of the acrobat
HPRegen  0.31/turn              I - ring of Doargh {rC++ EV+4}
MPRegen  0.30/turn              o - ring of magical power

@: corroded, slightly contaminated
A: high mp 1
a: no special abilities


You were on level 1 of the Swamp.
You visited 4 branches of the dungeon, and saw 24 of its levels.

You collected 2567 gold pieces.
You spent 2424 gold pieces at shops.

Inventory:

Armour
 z - a +2 pair of gloves (worn)
   (You found it on level 7 of the Dungeon)
 F - a +1 pair of boots (worn)
   (You found it on level 5 of the Dungeon)
 G - a +0 cloak (worn)
   (You found it on level 8 of the Dungeon)
 Q - the +3 crown of Dyrovepreva (worn) {rElec Int+2 SInv}
   (You bought it in a shop on level 2 of the Orcish Mines)

   It affects your intelligence (+2).
   It insulates you from electricity.
   It lets you see invisible.
 V - a +2 robe of willpower (worn)
   (You took it off Psyche on level 9 of the Dungeon)
Magical Staves
 a - an uncursed staff of fire (weapon)
   (You found it on level 8 of the Dungeon)
 b - an uncursed staff of poison
   (You found it on level 7 of the Dungeon)
 y - an uncursed staff of conjuration
   (You found it on level 14 of the Dungeon)
 L - an uncursed staff of cold
   (You found it on level 5 of the Lair of Beasts)
Jewellery
 m - an uncursed ring of see invisible
   (You found it on level 2 of the Lair of Beasts)
 o - a ring of magical power (right hand)
   (You found it on level 5 of the Dungeon)
 x - an amulet of the acrobat (around neck)
   (You found it on level 12 of the Dungeon)
 I - the ring of Doargh (left hand) {rC++ EV+4}
   (You found it on level 4 of the Dungeon)

   [ring of evasion]

   It affects your evasion (+4).
   It greatly protects you from cold.
 P - an uncursed amulet of magic regeneration
   (You took it off an orc on level 12 of the Dungeon)
Wands
 c - a wand of disintegration (28)
   (You found it on level 7 of the Dungeon)
 d - a wand of iceblast (3)
   (You took it off a goblin on level 3 of the Dungeon)
 n - a wand of enslavement (8)
   (You found it on level 1 of the Lair of Beasts)
 t - a wand of flame (64)
   (You found it on level 7 of the Dungeon)
 u - a wand of paralysis (19)
   (You found it on level 9 of the Dungeon)
 v - a wand of digging (3)
   (You took it off an orc on level 14 of the Dungeon)
 K - a wand of polymorph (15)
   (You found it on level 1 of the Lair of Beasts)
Scrolls
 e - 9 scrolls of remove curse
 i - 4 scrolls of immolation
 k - 5 scrolls of enchant armour
 s - 3 scrolls of magic mapping
 w - 6 scrolls of teleportation
 B - 5 scrolls of fog
 C - 4 scrolls of identify
 E - a scroll of blinking
 J - 5 scrolls of summoning
 M - a scroll of amnesia
 N - a scroll of vulnerability
Potions
 f - 9 potions of lignification
 g - a potion of magic
 h - 5 potions of flight
 j - 2 potions of brilliance
 p - 2 potions of invisibility
 q - 5 potions of haste
 r - 5 potions of mutation
 A - 14 potions of curing
 D - 5 potions of heal wounds
 H - 3 potions of resistance


   Skills:
 + Level 10.4 Fighting
 - Level 1.7 Dodging
 - Level 1.7 Stealth
 * Level 13.2 Spellcasting
 - Level 14.0 Conjurations
 * Level 14.2 Fire Magic


You had 22 spell levels left.
You knew the following spells:

 Your Spells              Type           Power        Failure   Level
a - Foxfire               Conj/Fire      100%         0%          1
b - Sticky Flame          Conj/Fire      100%         1%          4
q - Ignition              Fire           52%          41%         8
z - Fireball              Conj/Fire      52%          1%          5

Your spell library contained the following spells:

 Spells                   Type           Power        Failure   Level
 Magic Dart               Conj           100%         0%          1
 Searing Ray              Conj           100%         0%          2
 Shock                    Conj/Air       100%         1%          1
 Conjure Flame            Conj/Fire      100%         1%          3
 Dazzling Flash           Conj/Hex       100%         1%          3
 Inner Flame              Hex/Fire       77%          1%          3
 Static Discharge         Conj/Air       59%          1%          3
 Fulminant Prism          Conj/Hex       29%          1%          4
 Iskenderun's Mystic Bla  Conj/Tloc      59%          1%          4
 Bolt of Magma            Conj/Fire/Erth 43%          1%          5
 Animate Skeleton         Necr           40%          2%          1
 Apportation              Tloc           40%          2%          1
 Beastly Appendage        Tmut           40%          2%          1
 Pain                     Necr           80%          2%          1
 Summon Small Mammal      Summ           80%          2%          1
 Blink                    Tloc           N/A          3%          2
 Call Imp                 Summ           20%          3%          2
 Ensorcelled Hibernation  Hex/Ice        40%          3%          2
 Swiftness                Air            20%          3%          2
 Wereblood                Tmut           20%          3%          2
 Lightning Bolt           Conj/Air       29%          3%          5
 Call Canine Familiar     Summ           20%          7%          3
 Confusing Touch          Hex            20%          7%          3
 Gell's Gravitas          Tloc           10%          7%          3
 Lesser Beckoning         Tloc           10%          7%          3
 Spider Form              Tmut/Pois      10%          7%          3
 Summon Guardian Golem    Hex/Summ       20%          7%          3
 Teleport Other           Tloc           20%          7%          3
 Tukima's Dance           Hex            20%          7%          3
 Vampiric Draining        Necr           10%          7%          3
 Iron Shot                Conj/Erth      29%          21%         6
 Airstrike                Air            10%          24%         4
 Animate Dead             Necr           10%          24%         4
 Ice Form                 Ice/Tmut       20%          24%         4
 Leda's Liquefaction      Hex/Erth       10%          24%         4
 Passage of Golubria      Tloc           N/A          24%         4
 Petrify                  Tmut/Erth      20%          24%         4
 Summon Ice Beast         Ice/Summ       20%          24%         4
 Summon Lightning Spire   Summ/Air       20%          24%         4
 Agony                    Necr           20%          54%         5
 Alistair's Intoxication  Tmut/Pois      13%          54%         5
 Blade Hands              Tmut           10%          54%         5
 Borgnjor's Vile Clutch   Necr/Erth      10%          54%         5
 Metabolic Englaciation   Hex/Ice        10%          54%         5
 Silence                  Hex/Air        10%          54%         5
 Yara's Violent Unravell  Hex/Tmut       10%          54%         5
 Invisibility             Hex            20%          98%         6
 Shadow Creatures         Summ           N/A          98%         6
 Statue Form              Tmut/Erth      13%          98%         6
 Shatter                  Erth           10%          100%        9
 Tornado                  Air            10%          100%        9


Dungeon Overview and Level Annotations

Branches:
Dungeon (15/15)            Temple (0/1) D:7            Lair (6/6) D:10
  Swamp (1/4) Lair:3        Snake (0/4) Lair:4        Slime (0/5) Lair:5
    Orc (2/2) D:12            Elf (0/3) Orc:2        Vaults (0/5) D:14
 Depths (0/5) D:15

Shops:
D:4 =   D:9 !   D:12 *   Orc:2 (:*[

Annotations:
D:8 1 runed translucent door, bmj180's ghost, novice DrCj
Lair:3 2 transporters, WasteTime5's ghost, journeyman TrMo
Lair:6 3 runed translucent doors, 1994's ghost, journeyman TeSu; Manuann's ghost, journeyman MfIE


Innate Abilities, Weirdness & Mutations

You have an increased reservoir of magic. (+10% MP)


Message History

* * * LOW HITPOINT WARNING * * *
The goliath frog hits you from afar!
* * * LOW HITPOINT WARNING * * *
The acid corrodes you!
You are splashed with acid!
* * * LOW HITPOINT WARNING * * *
The spell is quite dangerous to cast (43% risk of failure)!
Continue anyway?
You feel a surge of power!
The air bursts into flame!
The fireball engulfs the spriggan rider!!!
The fireball engulfs the tyrant leech!!
The fireball engulfs the bog body!
The bog body resists.
The fireball engulfs the ghost crab!!
The fireball engulfs the goliath frog!!
The fireball engulfs the alligator!
The fireball engulfs the alligator!!
The fireball engulfs the thorn hunter!!
The thorn hunter is burned terribly!
The fireball engulfs the alligator!
The fireball engulfs the tyrant leech!! x3; The fireball engulfs the bog body!
The bog body resists.
The fireball engulfs the spriggan rider!
You kill the spriggan rider!
You kill the hornet!
You hear a splash.
The fireball engulfs the tyrant leech.
The tree smoulders and burns. x2
The fireball engulfs the tyrant leech!
The fireball engulfs the alligator!
The fireball engulfs the alligator!! x2
The fireball engulfs the tyrant leech!!
You kill the tyrant leech!
The fireball engulfs the goliath frog!!
You kill the goliath frog!
The fireball engulfs the tyrant leech!!
You kill the tyrant leech!
The fireball engulfs the bog body!
The bog body resists.
You destroy the bog body!
The fireball engulfs the alligator!!
You kill the alligator!
A fenstrider witch comes into view.
The alligator is engulfed in a cloud of scalding steam. x2
As you read the scroll of fear, it crumbles to dust.
You assume a fearsome visage.
The tyrant leech easily resists.
The alligator looks frightened! x2
The tyrant leech is engulfed in a cloud of scalding steam.
The alligator is engulfed in a cloud of scalding steam.
The thorn hunter fires a volley of thorns at you.
The volley of thorns misses you.
The alligator is engulfed in a cloud of scalding steam.
The tyrant leech is engulfed in a cloud of scalding steam.
A tyrant leech comes into view.
The thorn hunter is engulfed in a cloud of scalding steam.
The alligator is engulfed in a cloud of scalding steam.
The ghost crab breathes spectral mist at you.
The spectral mist engulfs you but does no damage.
The tyrant leech is engulfed in spectral mist.
The tyrant leech bites you!!
You die...

♣♣≈...♣≈...≈§≈
♣≈≈≈.........≈
♣.≈≈...≈§..≈..
♣♣≈≈.≈...§≈§§≈≈
♣.≈≈..≈..§≈≈≈..
♣.≈≈≈..≈○§§≈§§.
..≈≈..§○w§≈≈≈≈.
≈≈.)..☼@§§§≈≈≈.
...≈.☼§§§§≈≈≈≈.
.≈≈≈≈§§☼§§≈§≈≈[
≈≈≈≈f≈H≈§≈≈≈≈..
.≈§§§.§§t§≈≈..♣
.≈≈§§.§§§§§...≈
≈≈w§§.[.§§.§...
≈≈≈≈.H≈.≈..♣.≈.


You could see a thorn hunter, a fenstrider witch, a tyrant leech and a ghost
crab.

Vanquished Creatures
  Rupert (D:12)
  Kirke (Lair:5)
  A fenstrider witch (Lair:3)
  An orc warlord (Orc:1)
  Snorg (D:13)
  A rakshasa (D:14)
  4 boulder beetles
  A vault guard (D:14)
  A yaktaur captain (D:15)
  4 centaur warriors
  7 hydras
  A death knight (D:15)
  6 catoblepae
  A tengu warrior (D:14)
  An alligator (Swamp:1)
  5 two-headed ogres
  8 death yaks
  2 orc high priests
  3 spriggans (Swamp:1)
  Sonja (Lair:2)
  4 skeletal warriors
  A spriggan druid (Swamp:1)
  A goliath frog (Swamp:1)
  4 wizards
  An unseen horror (D:15)
  A bog body (Swamp:1)
  5 orc knights
  12 deep elf magi
  A necromancer (D:14)
  7 oklob plants
  A lindwurm (Lair:6)
  5 orc sorcerers
  7 ugly things
  3 cyclopes
  2 manticores (Lair:6)
  12 elephants
  Joseph (D:8)
  2 black mambas
  Psyche (D:9)
  2 centaur skeletons
  A gargoyle (D:11)
  4 cane toads
  4 kobold demonologists (D:15)
  2 rime drakes
  8 yaktaurs
  3 freezing wraiths (D:15)
  13 komodo dragons
  A polar bear (Lair:2)
  4 hornets
  3 meliai (D:13)
  Prince Ribbit (D:5)
  2 tyrant leeches (Swamp:1)
  6 trolls
  13 dream sheep
  Sigmund (D:6)
  2 vampires
  2 shadows
  3 water elementals
  36 yaks
  3 wyverns
  4 hogs (Lair:5)
  A wraith (D:13)
  25 humans
  4 basilisks
  3 steam dragons
  4 nagas (Lair:4)
  A warg (Orc:2)
  2 acid dragons
  11 water moccasins
  A soldier ant (D:11)
  Duvessa (D:5)
  A swamp drake (Swamp:1)
  3 ice beasts
  5 black bears
  2 eyes of draining
  3 sky beasts
  A necrophage (D:7)
  25 orc warriors
  3 boggarts (D:15)
  21 wolves
  7 ogres
  A phantom (D:7)
  13 centaurs
  3 big kobolds
  16 bullfrogs
  11 scorpions
  A water moccasin skeleton (D:10)
  Dowan (D:5)
  7 killer bees
  25 wights
  4 electric eels
  2 howler monkeys
  2 centaur zombies
  2 bullfrog zombies
  7 jellies
  12 orc priests
  A quasit (D:12)
  2 bullfrog skeletons
  10 hounds
  12 worker ants
  4 iguanas
  17 orc wizards
  A hound zombie (D:7)
  A hound skeleton (D:10)
  A howler monkey zombie (D:6)
  A worker ant zombie (D:8)
  Robin (D:2)
  14 adders
  2 shadow imps
  A white imp (D:6)
  3 ufetubi
  An ooze (D:2)
  An adder skeleton (D:4)
  2 adder zombies
  3 worms
  5 dart slugs
  5 leopard geckos
  94 orcs
  8 giant cockroaches
  17 goblins
  6 hobgoblins
  21 jackals
  4 quokkas
  12 bats
  7 frilled lizards
  22 kobolds
  A leopard gecko skeleton (D:5)
  A quokka zombie (D:8)
  7 rats
759 creatures vanquished.

Vanquished Creatures (collateral kills)
  25 foxfires
25 creatures vanquished.

Vanquished Creatures (others)
  A wizard (D:10)
  A human (Lair:5)
  2315 foxfires
  54 fungi
  73 plants
  6 withered plants (Lair:6)
2450 creatures vanquished.

Grand Total: 3234 creatures vanquished

Notes
Turn   | Place    | Note
-------+----------+-------------------------------------------
     0 | D:1      | vurker the Demigod Fire Elementalist began the quest for
                  | the Orb.
     0 | D:1      | Reached XP level 1. HP: 14/14 MP: 5/5
    72 | D:1      | Reached skill level 1 in Conjurations
   244 | D:1      | Reached XP level 2. HP: 20/20 MP: 2/7
  1288 | D:1      | Reached XP level 3. HP: 27/27 MP: 6/9
  1749 | D:2      | Noticed Robin
  1752 | D:2      | Reached skill level 1 in Fighting
  1842 | D:2      | Killed Robin
  2226 | D:2      | Reached XP level 4. HP: 35/35 MP: 6/10
  2617 | D:2      | Found a basalt altar of Yredelemnul.
  3053 | D:3      | Learned a level 4 spell: Sticky Flame
  4367 | D:3      | Reached XP level 5. HP: 40/40 MP: 6/12
  4710 | D:4      | Found a blossoming altar of Fedhas.
  4717 | D:4      | Learned a level 5 spell: Fireball
  4948 | D:4      | You fall into a shaft and drop 1 floor!
  4948 | D:5      | Entered Level 5 of the Dungeon
  4974 | D:5      | Reached XP level 6. HP: 38/48 MP: 0/14
  5093 | D:4      | Found Fuqo Lig's Jewellery Shop.
  5444 | D:4      | Got a scorched copper ring
  5450 | D:4      | Identified the ring of Doargh {rC++ EV+4} (You found it on
                  | level 4 of the Dungeon)
  5880 | D:4      | Found a stormy altar of Qazlal.
  5980 | D:4      | You fall into a shaft and drop 3 floors!
  6007 | D:7      | Found a staircase to the Ecumenical Temple.
  6149 | D:7      | Reached XP level 7. HP: 47/56 MP: 2/16
  6799 | D:7      | Reached skill level 5 in Fire Magic
  7304 | D:6      | Noticed Sigmund
  7317 | D:6      | Killed Sigmund
  7318 | D:6      | Reached XP level 8. HP: 63/63 MP: 12/18
  7372 | D:6      | Found a radiant altar of Vehumet.
  7392 | D:6      | Reached skill level 5 in Conjurations
  7641 | D:6      | Reached skill level 5 in Spellcasting
  9054 | D:4      | Found Fuqo Lig's Jewellery Shop.
  9229 | D:4      | Found a blossoming altar of Fedhas.
  9526 | D:4      | Found a stormy altar of Qazlal.
  9817 | D:5      | Noticed Prince Ribbit
  9823 | D:5      | Killed Prince Ribbit
  9824 | D:5      | Reached XP level 9. HP: 71/71 MP: 15/21
 10035 | D:5      | Noticed Dowan
 10036 | D:5      | Noticed Duvessa
 10042 | D:5      | Killed Dowan
 10049 | D:5      | Killed Duvessa
 11296 | D:8      | Noticed a two-headed ogre
 11314 | D:7      | Killed a two-headed ogre
 11626 | D:8      | Noticed a two-headed ogre
 11657 | D:8      | Killed a two-headed ogre
 11698 | D:8      | Noticed Joseph
 11714 | D:8      | Reached skill level 5 in Fighting
 11714 | D:8      | Reached XP level 10. HP: 25/81 MP: 3/24
 12066 | D:8      | Killed Joseph
 12158 | D:8      | Found an opulent altar of Gozag.
 12305 | D:8      | Noticed a deep elf mage
 12582 | D:8      | Found a runed translucent door.
 12582 | D:8      | Found a shimmering altar of Xom.
 12582 | D:8      | Noticed bmj180's ghost (novice DrCj)
 12583 | D:8      | Noticed a +2 spear of chaos
 13098 | D:9      | Found a shimmering blue altar of Sif Muna.
 13483 | D:9      | Found a hazy altar of Hepliaklqana.
 13483 | D:9      | Found a sparkling altar of Nemelex Xobeh.
 13696 | D:9      | Found Piruv's Distillery.
 13720 | D:9      | Bought a potion of mutation for 112 gold pieces
 13794 | D:9      | Noticed Psyche
 14600 | D:9      | Killed Psyche
 14670 | D:9      | Found a hazy altar of Hepliaklqana.
 14670 | D:9      | Found a sparkling altar of Nemelex Xobeh.
 14855 | D:9      | Found a shimmering blue altar of Sif Muna.
 15018 | D:9      | Found Piruv's Distillery.
 15155 | D:10     | Entered Level 10 of the Dungeon
 15730 | D:10     | Reached XP level 11. HP: 89/89 MP: 27/27
 15831 | D:10     | Found a bloodstained altar of Trog.
 15944 | D:10     | Found a staircase to the Lair.
 17427 | Lair:1   | Entered Level 1 of the Lair of Beasts
 17759 | Lair:1   | Noticed a six-headed hydra
 17770 | Lair:1   | Killed a six-headed hydra
 18160 | Lair:1   | Noticed a boulder beetle
 18173 | Lair:1   | Killed a boulder beetle
 18567 | Lair:1   | Reached skill level 10 in Fire Magic
 19288 | Lair:2   | Noticed Sonja
 19293 | Lair:2   | Killed Sonja
 19294 | Lair:2   | Reached skill level 10 in Conjurations
 19903 | Lair:2   | Noticed a catoblepas
 19914 | Lair:2   | Killed a catoblepas
 19915 | Lair:2   | Reached XP level 12. HP: 87/100 MP: 16/30
 20355 | Lair:3   | Found a staircase to the Swamp.
 20360 | Lair:3   | Got a twisted leather armour
 20495 | Lair:3   | Identified the +1 leather armour of the Nine Ziggurats
                  | {*Drain rPois Str+4} (You found it on level 3 of the Lair
                  | of Beasts)
 20982 | Lair:3   | Found a transporter.
 20984 | Lair:3   | Noticed a four-headed hydra
 20985 | Lair:3   | Found a transporter.
 20985 | Lair:3   | Noticed WasteTime5's ghost (journeyman TrMo)
 20985 | Lair:3   | Noticed a six-headed hydra
 21272 | Lair:4   | Found a staircase to the Snake Pit.
 21617 | Lair:4   | Reached skill level 10 in Spellcasting
 22045 | Lair:4   | Identified the Grimoire of Companions
 22278 | Lair:4   | Noticed a catoblepas
 22485 | Lair:4   | Killed a catoblepas
 22903 | Lair:5   | Found a shimmering altar of Xom.
 23389 | Lair:5   | Noticed Kirke
 23568 | Lair:5   | Killed Kirke
 24324 | Lair:5   | Found a staircase to the Slime Pits.
 24327 | Lair:5   | Reached XP level 13. HP: 86/107 MP: 30/32
 24880 | Lair:6   | Entered Level 6 of the Lair of Beasts
 24880 | Lair:6   | Found a runed translucent gate.
 24880 | Lair:6   | Found a runed translucent gate.
 24880 | Lair:6   | Found a runed translucent gate.
 24880 | Lair:6   | Noticed 1994's ghost (journeyman TeSu)
 24881 | Lair:6   | Noticed Manuann's ghost (journeyman MfIE)
 27163 | Lair:6   | Got an ichor-stained quarterstaff
 27768 | Lair:5   | Found a shimmering altar of Xom.
 27811 | Lair:5   | Found a staircase to the Slime Pits.
 28183 | Lair:5   | Found a shimmering altar of Xom.
 29783 | D:12     | Found Gacsug's General Store.
 29882 | D:12     | Bought a potion of mutation for 96 gold pieces
 29882 | D:12     | Bought a scroll of vulnerability for 90 gold pieces
 30225 | D:12     | Noticed Rupert
 30233 | D:12     | Killed Rupert
 30540 | D:12     | Reached XP level 14. HP: 98/118 MP: 25/34
 31256 | D:12     | Found a staircase to the Orcish Mines.
 31825 | D:12     | Found Gacsug's General Store.
 31992 | D:12     | Found a staircase to the Orcish Mines.
 32024 | Orc:1    | Entered Level 1 of the Orcish Mines
 32059 | Orc:2    | Entered Level 2 of the Orcish Mines
 32308 | Orc:1    | Found a radiant altar of Vehumet.
 33082 | Orc:2    | Found Tuutso's General Store.
 33295 | Orc:2    | Noticed an orc warlord
 33411 | Orc:1    | Killed an orc warlord
 34332 | Orc:2    | Found Rigionei's Antique Armour Boutique.
 34413 | Orc:2    | Found a staircase to the Elven Halls.
 34426 | Orc:2    | Found Falear's Book Boutique.
 34455 | Orc:2    | Found Risteiz's Antique Weapon Boutique.
 34472 | Orc:2    | Found a roughly hewn altar of Beogh.
 35238 | D:13     | Found a shadowy altar of Dithmenos.
 36141 | D:13     | Noticed Snorg
 36146 | D:13     | Killed Snorg
 36650 | D:14     | Identified the +9 short sword of Vanity {vorpal, Int+7
                  | Dex+2}
 37375 | D:14     | Found a gate to the Vaults.
 38014 | D:14     | Found a blossoming altar of Fedhas.
 38378 | D:15     | Entered Level 15 of the Dungeon
 38978 | D:15     | Reached XP level 15. HP: 112/126 MP: 17/36
 39356 | D:15     | Identified a scroll of acquirement
 39362 | D:15     | Reached skill level 10 in Fighting
 41859 | D:15     | Found a staircase to the Depths.
 42038 | D:15     | Acquired a book of the Earth
 42176 | Orc:2    | Bought a book of the Tempests for 1050 gold pieces
 42203 | Orc:2    | Bought the +3 crown of Dyrovepreva {rElec Int+2 SInv} for
                  | 1076 gold pieces
 42203 | Orc:2    | Found the +3 crown of Dyrovepreva {rElec Int+2 SInv}
 42223 | Orc:2    | Learned a level 8 spell: Ignition
 42389 | Swamp:1  | Entered Level 1 of the Swamp
 42389 | Swamp:1  | Noticed a fenstrider witch
 42389 | Swamp:1  | Noticed a thorn hunter
 42396 | Lair:3   | Killed a fenstrider witch
 42587 | Swamp:1  | Noticed a fenstrider witch
 42590 | Swamp:1  | Slain by a tyrant leech

Illustrated notes

Levels and vault maps discovered:
D:1:      tarquinn_simple_flora_water_e, layout_rooms, serial_forest,
          infiniplex_forest_corner_2, infiniplex_forest_end_2,
          infiniplex_forest_lined_corner, infiniplex_forest_lined_corner,
          infiniplex_forest_clump_diagonal, infiniplex_forest_clump_diagonal,
          infiniplex_forest_diagonal, infiniplex_forest_join,
          minmay_pentomino_u4
D:2:      layout_basic, old_standard_altar, nicolae_overflow_hidden_temple,
          minmay_liquid_box, st_stairs_8, kennysheep_generic_room_9, uniq_robin
D:3:      layout_loops_ring
D:4:      layout_basic, general_overflow_altar, kennysheep_mini_moat,
          serial_shops, nicolae_shop_crystal, grunt_decor_junction
D:5:      layout_basic, uniq_duvessa, uniq_prince_ribbit1
D:6:      layout_layer_cave, vehumet_crystals, uniq_sigmund
D:7:      layout_basic, minmay_temple_entry_wispy
D:8:      layout_rooms, lemuel_crystal_altar, ebering_ghost_xom,
          lightli_corner_chamber, uniq_joseph
D:9:      erik_cavepeople, layout_basic, old_standard_altar,
          gammafunk_temple_overflow_elements, serial_shops, nicolae_shop_stone
D:10:     layout_cave_pools, lair_entry_dummy, trog_wizard
D:11:     layout_roguey, gauntlet_entry_generic, serial_bayou_pond_e
D:12:     layout_rooms, hiddenorc2_lemuel, serial_shops, shop,
          kennysheep_another_room, uniq_rupert
D:13:     layout_irregular_city, lemuel_tele_altar, uniq_snorg
D:14:     layout_long_grid, grunt_vaults_entry_tiered, serial_rivers,
          chequers_serial_rivers_micro_c, chequers_serial_rivers_room_b,
          chequers_serial_rivers_marsh, chequers_serial_rivers_large_b,
          chequers_serial_rivers_room_a, amcnicky_mini_rare_corridor_liquid,
          hangedman_tree_tricks
D:15:     grunt_enter_depths_snipers, layout_basic, minmay_tree_intersection
Lair:1:   layout_loops_ring, nzn_sisyphean_effort, minmay_lair_oklob_chamber
Lair:2:   layout_regular_city, grunt_megastairs_1, uniq_sonja
Lair:3:   layout_gridlike, swamp_mist_pool, gammafunk_ghost_arena
Lair:4:   layout_cave_pods, minmay_snake_entry_guardpost_small,
          nicolae_lair_yak_garden
Lair:5:   layout_misc_corridors, minmay_slime_entry_oklob_enclosed, basic_altar,
          uniq_kirke
Lair:6:   evilmike_catoblepas_cave, layout_regular_city,
          gammafunk_ghost_cemetery
Swamp:1:  layout_falls_marsh, serial_swamp_ruin, evilmike_swamp_ruin_house_4,
          evilmike_swamp_ruin_house_1, infiniplex_staircase_pool
Orc:1:    layout_diamond_mine, basic_altar, elves_outpost_lemuel
Orc:2:    grunt_orc_gardens, layout_caves, grunt_orc_garden, grunt_orc_garden,
          grunt_orc_garden, grunt_orc_garden, basic_altar

Skill      XL: |  1  2  3  4  5  6  7  8  9 10 11 12 13 14 15 |
---------------+----------------------------------------------+-----
Conjurations   | 1 2 3 4 6 7 8 10 11 12 13 14 | 14.0
Spellcasting   | 2 3 4 5 7 8 9 10 11 12 13 | 13.2
Fire Magic     | 3 4 5 6 7 9 10 11 12 13 14 | 14.2
Fighting       | 1 2 3 4 5 6 7 8 9 10 | 10.4
Dodging        | |  1.7
Stealth        | |  1.7

Action                   |  1- 3 |  4- 6 |  7- 9 | 10-12 | 13-15 || total
-------------------------+-------+-------+-------+-------+-------++-------
Melee: Unarmed           |    12 |     3 |       |       |       ||    15
       Staff             |       |       |       |     8 |     2 ||    10
 Cast: Foxfire           |   124 |   246 |   334 |   718 |    32 ||  1454
       Sticky Flame      |       |       |    13 |    69 |    50 ||   132
       Fireball          |       |       |     3 |    83 |   456 ||   542
       Ignition          |       |       |       |       |     3 ||     3
Evoke: Wand              |       |       |     1 |     9 |    25 ||    35
  Use: Scroll            |       |       |     6 |    23 |     9 ||    38
       Potion            |       |       |       |     1 |       ||     1
 Stab: Sleeping          |     1 |       |       |       |       ||     1
Armor: Robe              |    20 |    21 |    31 |    48 |    37 ||   157
       Leather armour    |       |       |       |    45 |    19 ||    64
Dodge: Dodged            |    58 |    37 |    77 |   211 |   164 ||   547

Table legend: (Time is in decaauts)
 A = Elapsed time spent in this place.
 B = Non-inter-level travel time spent in this place.
 C = Inter-level travel time spent in this place.
 D = Time resting spent in this place.
 E = Time spent auto-exploring this place.
 F = Levels seen in this place.
 G = Mean time per level.
                   A        B        C        D        E       F      G
               +--------+--------+--------+--------+--------+-----+--------+
         Total |  42717 |  40637 |   2080 |   3885 |  31600 |  24 | 1779.9 |
       Dungeon |  27226 |  25883 |   1343 |   2053 |  20334 |  15 | 1815.1 |
          Lair |  12599 |  12133 |    466 |    954 |   9889 |   6 | 2099.8 |
         Swamp |     11 |     11 |      0 |      0 |      0 |   1 |   11.0 |
  Orcish Mines |   2881 |   2611 |    270 |    878 |   1377 |   2 | 1440.5 |
               +--------+--------+--------+--------+--------+-----+--------+

Top non-repeatable levels by time:
    D:14: 4133 daAuts
  Lair:5: 3809 daAuts
  Lair:6: 2797 daAuts
     D:7: 2763 daAuts
     D:4: 2747 daAuts
    D:12: 2238 daAuts
     D:9: 2221 daAuts
   Orc:1: 2145 daAuts
  Lair:4: 1954 daAuts
    D:13: 1767 daAuts
  Lair:1: 1744 daAuts
     D:1: 1635 daAuts
     D:2: 1489 daAuts
    D:11: 1471 daAuts
     D:3: 1458 daAuts
